 Dungeon Crawl Stone Soup version 0.17-a0-2101-g0c122e7 (webtiles) character file.

2658 Guts the Carver (level 9, -6/94 HPs)
             Began as a Human Berserker on Oct 18, 2015.
             Was a High Priest of Trog.
             Mangled by nublet's ghost (10 damage)
             ... on level 8 of the Dungeon.
             The game lasted 00:22:55 (8008 turns).

Guts the Carver (Human Berserker)                   Turns: 8008, Time: 00:22:55

Health: -6/94      AC:  7    Str: 29    XL:     9   Next: 94%
Magic:  9/9        EV: 11    Int:  7    God:    Trog [*****.]
Gold:   320        SH:  0    Dex:  8    Spells: 0 memorised, 8 levels left

rFire  + + .     SeeInvis .     h - +0 scimitar
rCold  . . .     Clarity  .     i - +3 leather armour
rNeg   . . .     SustAt   .     (no shield)
rPois  .         Gourm    .     s - +0 helmet
rElec  .         Spirit   .     (no cloak)
rCorr  .         Warding  .     (no gloves)
rMut   .         Rnd*Tele +     (no boots)
MR     .....                    l - amulet of faith
Stlth  ..........               (no ring)
                                C - ring of protection from fire

@: berserking (expiring), very quick, not resistant to hostile enchantments,
extremely unstealthy
A: clumsy 2, fire resistance 1, regeneration 1, strong 1, teleportitis 1
a: Burn Spellbooks, Berserk, Trog's Hand, Brothers in Arms, Renounce Religion


You were on level 8 of the Dungeon.
You worshipped Trog.
Trog was extremely pleased with you.
You were not hungry.

You visited 1 branch of the dungeon, and saw 8 of its levels.

You collected 320 gold pieces.

Inventory:

Hand Weapons
 h - a +0 scimitar (weapon)
 F - a +0 long sword
Missiles
 A - 10 tomahawks (quivered)
 H - 39 poisoned needles
Armour
 i - a +3 leather armour (worn)
 s - a +0 helmet (worn)
Jewellery
 l - an amulet of faith (around neck)
 q - an uncursed ring of fire
 C - a ring of protection from fire (left hand)
Wands
 b - a wand of frost (17)
 j - a wand of paralysis (10)
 r - a wand of flame (15)
 x - a wand of flame (17)
Scrolls
 c - a scroll of identify
 e - 2 scrolls of magic mapping {unknown}
 f - 4 scrolls of teleportation {unknown}
 p - 6 scrolls of remove curse {unknown}
 u - a scroll of fog {unknown}
 y - 2 scrolls of enchant weapon {unknown}
 D - a scroll of recharging {unknown}
 J - a scroll of amnesia {unknown}
Potions
 a - 2 potions of agility
 d - 2 potions of flight
 k - a potion of lignification
 m - 4 potions of curing
 n - a potion of invisibility
 t - a potion of degeneration {unknown}
 v - a potion of haste {unknown}
 z - a potion of heal wounds {unknown}
 B - a potion of might {unknown}
 E - 3 potions of berserk rage {unknown}
 I - a potion of resistance {unknown}
Comestibles
 g - a royal jelly
 o - 7 chunks of flesh
 w - 3 meat rations
 G - a bread ration


   Skills:
 - Level 3.0 Fighting
 + Level 12.8 Long Blades
 - Level 2.0 Armour
 - Level 2.0 Dodging


You had 8 spell levels left.
You didn't know any spells.

Dungeon Overview and Level Annotations

Branches:
Dungeon (8/15)
 Temple: D:4-7         Lair: D:8-11

Altars:
Makhleb
Nemelex Xobeh
Okawaru
Qazlal
Ru
Sif Muna
Trog
Yredelemnul
The Shining One

Annotations:
D:3 radek's ghost, amateur DECj
D:6 1 exclusion
D:8 nublet's ghost, novice CeFi


Innate Abilities, Weirdness & Mutations

You are very clumsy. (Dex -4)
Your flesh is heat resistant.
Your natural rate of healing is unusually fast.
Your muscles are strong. (Str +2)
You are occasionally teleported to nearby monsters.


Message History

You are too injured to fight recklessly!
You are too injured to fight recklessly!
You are too injured to fight recklessly!
You closely miss nublet's ghost.
Nublet's ghost is heavily damaged.
Nublet's ghost hits you!
* * * LOW HITPOINT WARNING * * *
You barely miss nublet's ghost.
Nublet's ghost is heavily damaged.
You hit nublet's ghost.
Nublet's ghost is heavily damaged.
Nublet's ghost hits you.
* * * LOW HITPOINT WARNING * * *
You hit nublet's ghost.
Nublet's ghost is severely damaged.
You slash nublet's ghost!
Nublet's ghost is almost destroyed.
Nublet's ghost says, "Are you willing to die fighting?
I was!"
Nublet's ghost hits you!
You die...

#####.##########..#####
#.............#
#.###########.# #.# #.#
#.# ##.# #.# #..# #.#
#.## #.#### #.# #.<..#
#@# ####.# #W# # #.#
#.# #.# ..# ###


You could see nublet's ghost.

Vanquished Creatures
  Grinder (D:3)
  Sigmund (D:3)
  A hippogriff (D:7)
  Edmund (D:5)
  Purgy (D:3)
  2 orc warriors (D:6)
  3 centaurs
  A phantom (D:5)
  A gnoll sergeant (D:8)
  3 scorpions
  2 wights (D:6)
  A killer bee (D:7)
  A crimson imp (D:6)
  5 orc priests
  Ijyb (D:3)
  A jelly (D:6)
  7 worker ants
  3 iguanas
  3 hounds
  4 orc wizards
  3 hound skeletons
  Robin (D:3)
  2 worker ant zombies
  6 gnolls (D:8)
  18 adders
  An adder skeleton (D:8)
  7 worms
  3 giant geckos
  21 orcs
  6 bats
  6 giant cockroaches
  7 hobgoblins
  6 quokkas
  A ball python (D:1)
  A ball python skeleton (D:5)
  4 giant newts
  17 goblins
  6 jackals (D:4)
  6 kobolds
  10 rats
175 creatures vanquished.

Notes
Turn   | Place    | Note
--------------------------------------------------------------
     0 | D:1      | Guts the Human Berserker began the quest for the Orb.
     0 | D:1      | Reached XP level 1. HP: 18/18 MP: 1/1
   262 | D:1      | Reached XP level 2. HP: 18/24 MP: 2/2
   520 | D:1      | Reached skill level 4 in Long Blades
   520 | D:1      | Reached XP level 3. HP: 26/29 MP: 3/3
   575 | D:1      | Reached ** piety under Trog
   583 | D:1      | HP: 1/29 [kobold/whip (6)]
   872 | D:2      | Reached XP level 4. HP: 7/35 MP: 4/4
  1356 | D:2      | Found a sacrificial altar of Ru.
  1373 | D:2      | Reached skill level 5 in Long Blades
  1503 | D:2      | Reached XP level 5. HP: 38/41 MP: 5/5
  1713 | D:3      | Reached skill level 6 in Long Blades
  1743 | D:3      | Noticed radek's ghost (amateur DECj)
  1788 | D:3      | Noticed Sigmund
  1966 | D:3      | Reached XP level 6. HP: 41/47 MP: 6/6
  2476 | D:3      | Killed Sigmund
  2476 | D:3      | Reached skill level 7 in Long Blades
  2476 | D:3      | Reached XP level 7. HP: 52/52 MP: 7/7
  2577 | D:3      | Noticed Robin
  2602 | D:3      | Killed Robin
  2605 | D:3      | Reached *** piety under Trog
  2672 | D:3      | Noticed Ijyb
  2688 | D:3      | Killed Ijyb
  2769 | D:3      | Noticed Grinder
  2841 | D:3      | Paralysed by Grinder for 3 turns
  2844 | D:3      | Killed Grinder
  2844 | D:3      | Reached skill level 8 in Long Blades
  3110 | D:3      | Noticed Purgy
  3124 | D:3      | Killed Purgy
  3124 | D:3      | Reached skill level 9 in Long Blades
  3124 | D:3      | Reached XP level 8. HP: 58/58 MP: 8/8
  3718 | D:4      | Found a deep blue altar of Sif Muna.
  4202 | D:5      | Entered Level 5 of the Dungeon
  4667 | D:5      | Reached skill level 10 in Long Blades
  4672 | D:5      | Reached **** piety under Trog
  4714 | D:5      | Noticed Edmund
  4986 | D:5      | Found a stormy altar of Qazlal.
  5074 | D:5      | Reached XP level 9. HP: 63/63 MP: 9/9
  5210 | D:5      | Killed Edmund
  5210 | D:5      | Reached skill level 11 in Long Blades
  5283 | D:5      | Found a burning altar of Makhleb.
  6197 | D:6      | Noticed a moth of wrath
  6619 | D:6      | Gained mutation: You are occasionally teleported to nearby monsters. [potion of mutation]
  6619 | D:6      | Gained mutation: Your natural rate of healing is unusually fast. [potion of mutation]
  6619 | D:6      | Gained mutation: You are clumsy. (Dex -2) [potion of mutation]
  6620 | D:6      | Gained mutation: Your flesh is heat resistant. [potion of mutation]
  6620 | D:6      | Gained mutation: Your muscles are strong. (Str +2) [potion of mutation]
  6620 | D:6      | Gained mutation: You are very clumsy. (Dex -4) [potion of mutation]
  6777 | D:6      | Found a bloodstained altar of Trog.
  6804 | D:6      | Reached skill level 12 in Long Blades
  7090 | D:6      | Found a glowing golden altar of the Shining One.
  7090 | D:6      | Found a sparkling altar of Nemelex Xobeh.
  7092 | D:6      | Found a basalt altar of Yredelemnul.
  7192 | D:6      | Reached ***** piety under Trog
  7767 | D:8      | Found an iron altar of Okawaru.
  7991 | D:8      | Noticed nublet's ghost (novice CeFi)
  8006 | D:8      | HP: 3/94 [nublet's ghost (6)]
  8008 | D:8      | Mangled by nublet's ghost

Vault maps used:
D:1:      dpeg_arrival_simpleton_c, minmay_distorted
D:2:      first_bread, nicolae_ru_sacrificial_ziggurat
D:3:      kennysheep_cross_bottleneck, uniq_grinder, uniq_sigmund, uniq_robin,
          uniq_purgy, uniq_iyjb
D:4:      lemuel_round_altar
D:5:      overflow_temple_1_default, nicolae_qazlal_general_emergency,
          uniq_edmund
D:6:      tgw_trog, gammafunk_temple_overflow_forgotten
D:7:      lemuel_insect_pit, grunt_temple_overflow_gold_and_silver,
          lemuel_crystal_altar, minmay_temple_entry_overgrown
D:8:      overflow_temple_1_default

Action                   |  1- 3 |  4- 6 |  7- 9 || total
-------------------------+-------+-------+-------++-------
Melee: Falchion          |   110 |   114 |   348 ||   572
       Scimitar          |       |       |   165 ||   165
       Long sword        |       |       |    50 ||    50
Invok: Trog's Hand       |     2 |       |     5 ||     7
       Berserk           |     1 |     8 |    18 ||    27
       Burn Spellbooks   |       |       |     1 ||     1
  Use: Scroll            |       |       |     7 ||     7
       Potion            |       |       |     3 ||     3
 Stab: Sleeping          |     1 |       |     1 ||     2
  Eat: Chunk             |     1 |    11 |    22 ||    34
       Pizza             |       |     1 |       ||     1
       Beef jerky        |       |     1 |       ||     1
       Fruit             |       |       |     1 ||     1
       Bread ration      |       |       |     3 ||     3
